 Dungeon Crawl Stone Soup version 0.25.0-1-g7eea58d2a3 (webtiles) character file.

Game seed: 14746089313770688716

64463 Nordron the Brawler (level 14, -3/144 HPs)
             Began as a Troll Berserker on June 14, 2020.
             Was a High Priest of Trog.
             Slain by Rupert
             ... wielding a +1 vampiric battleaxe
              (30 damage)
             ... on level 2 of the Orcish Mines.
             The game lasted 01:13:54 (21757 turns).

Nordron the Brawler (Troll Berserker)              Turns: 21757, Time: 01:13:54

Health: -3/144     AC: 14    Str: 32    XL:     14   Next: 71%
Magic:  13/13      EV: 13    Int:  3    God:    Trog [*****.]
Gold:   2243       SH:  0    Dex:  9    Spells: 13/13 levels left

rFire    . . .     SeeInvis .     - Unarmed
rCold    . . .     Gourm    +   F - +0 kite shield
rNeg     . . .     Faith    .   Q - +2 troll leather armour {Snorg}
rPois    +         Spirit   .   (helmet restricted)
rElec    .         Reflect  +   N - +2 cloak {rPois}
rCorr    +         Harm     .   (gloves unavailable)
MR       ++...                  (boots unavailable)
Stlth    ..........             J - amulet of reflection
HPRegen  1.14/turn              l - ring of protection from magic
MPRegen  0.13/turn              D - ring of resist corrosion

@: confused, berserk cooldown, slowed, lightly drained, very slow
A: large, unfitting armour, claws 3, fast metabolism 3, gourmand, regeneration
1, shaggy fur 1, tough skin 3
a: Berserk, Trog's Hand, Brothers in Arms, Renounce Religion


You were on level 2 of the Orcish Mines.
You worshipped Trog.
Trog was extremely pleased with you.
You were very full.

You visited 3 branches of the dungeon, and saw 22 of its levels.
You also visited: Bailey.

You collected 2295 gold pieces.
You spent 52 gold pieces at shops.

Inventory:

Hand Weapons
 a - a +3 scimitar of flaming
Armour
 F - a +0 kite shield (worn)
 M - +0 steam dragon scales
 N - a +2 cloak of poison resistance (worn)
 Q - a +2 troll leather armour (worn) {Snorg}
Jewellery
 d - an uncursed ring of flight
 j - the ring of Siatiodu {+Fly rF+ rC- rN++ Int-2}
   (You found it on level 5 of the Dungeon)

   [ring of protection from fire]

   It affects your intelligence (-2).
   It protects you from fire.
   It makes you vulnerable to cold.
   It greatly protects you from negative energy.
   It lets you fly.
 l - a ring of protection from magic (left claw)
 x - an uncursed ring of poison resistance
 D - a ring of resist corrosion (right claw)
 J - an amulet of reflection (around neck)
Wands
 y - a wand of flame (21)
 z - a wand of acid (5)
 G - a wand of paralysis (7)
 K - a wand of random effects (8)
 P - a wand of digging (5)
Scrolls
 e - a scroll of enchant armour
 i - 3 scrolls of identify
 o - 3 scrolls of fog
 p - 14 scrolls of remove curse
 q - 5 scrolls of teleportation
 u - 3 scrolls of magic mapping
 B - 4 scrolls of blinking
 I - 3 scrolls of fear
 L - 2 scrolls of enchant weapon
Potions
 c - 5 potions of ambrosia
 f - 3 potions of haste
 h - 6 potions of curing
 k - 5 potions of berserk rage
 m - 3 potions of cancellation
 n - 5 potions of mutation
 r - a potion of lignification {unknown}
 t - 2 potions of might {unknown}
 v - 3 potions of invisibility
 A - 4 potions of stabbing
 E - 3 potions of flight
 O - a potion of heal wounds
Miscellaneous
 g - a phial of floods
 w - a lightning rod (1/4)
 H - a tin of tremorstones (3/3)
Comestibles
 b - 48 rations
 s - 4 chunks of flesh


   Skills:
 + Level 10.6 Fighting
 + Level 7.4 Armour
 - Level 9.0(8.9) Dodging
 + Level 7.6(7.5) Shields
 * Level 16.5 Unarmed Combat


You had 13 spell levels left.
You didn't know any spells.
Your spell library was empty.

Dungeon Overview and Level Annotations

Branches:
Dungeon (14/15)            Temple (0/1) D:4            Lair (6/6) D:11
 Shoals (0/4) Lair:2        Snake (0/4) Lair:2        Slime (0/5) Lair:5
    Orc (2/2) D:12         Bailey (visited)
    Elf: Orc:2       Vaults: D:13-14

Altars:
Dithmenos
Elyvilon
Kikubaaqudgha
Makhleb
Nemelex Xobeh
Okawaru
Ru
Sif Muna
Xom
Jiyva

Shops:
D:5 =*[(*   D:12 [   Orc:2 %

Portals:
Hell: Lair:6

Annotations:
Orc:2 Rupert


Innate Abilities, Weirdness & Mutations

You are too large for most types of armour.
You have claws for hands.
Your metabolism is lightning-fast.
You like to eat raw meat.
Your natural rate of healing is unusually fast.
You are covered in fur. (AC +1)
You have extremely tough skin. (AC +3)


Message History

Rupert yells loudly at you.
You are more confused.
Rupert hits you with a +1 vampiric battleaxe!
Rupert yells loudly at you.
You easily resist.
Rupert barely misses you.
You can move again.
Rupert yells loudly at you.
You easily resist.
Rupert hits you with a +1 vampiric battleaxe! x2
* * * LOW HITPOINT WARNING * * *
Rupert draws strength from your wounds!
Rupert is no longer moving quickly.
Rupert roars madly and goes into a rage!
Rupert goes berserk!
Rupert hits you with a +1 vampiric battleaxe!
* * * LOW HITPOINT WARNING * * *
Rupert draws strength from your wounds!
Rupert hits you with a +1 vampiric battleaxe!!
You die...

##.....#.......#
#.......#....####
..............#.##
...$......8......#
..#.............#
.......##.∩.....#
........#......##
..........<....##
.........@@.....##
..........8......#
................##
...............##
................#
................#
..#........)<..##
.##..........)..#
..........)..##


You could see Rupert (berserk).

Vanquished Creatures
  A dire elephant (Lair:6)
  Snorg (Lair:4)
  9 hydras
  A centaur warrior (D:12)
  Erolcha (D:11)
  3 two-headed ogres
  A tengu warrior (D:12)
  An orc high priest (Orc:1)
  Sonja (Lair:2)
  A sun demon (Lair:6)
  An unseen horror (D:13)
  A wizard (Lair:6)
  An orc knight (Orc:2)
  An ugly thing (D:11)
  2 manticores
  2 deep elf magi
  2 orc sorcerers (Orc:2)
  An oklob plant (Lair:2)
  A cyclops (D:11)
  A smoke demon (Lair:6)
  2 merfolk sirens (Lair:2)
  A salamander (shapeshifter) (D:13)
  6 elephants (Lair:4)
  Maurice (D:11)
  8 black mambas
  A torpor snail (Lair:6)
  Maggie (Lair:2)
  11 spiny frogs
  3 orange demons (Lair:6)
  3 rime drakes (Lair:6)
  A kobold demonologist (D:13)
  2 efreet
  An ice devil (Lair:6)
  6 komodo dragons
  A red devil (Lair:6)
  3 polar bears
  8 trolls
  2 merfolk (Lair:2)
  A queen bee (D:11)
  Grinder (D:5)
  Prince Ribbit (D:6)
  18 blink frogs
  9 hippogriffs
  8 dream sheep
  A shadow (D:13)
  2 wyverns
  A spriggan (D:9)
  Sigmund (D:5)
  Eustachio (D:5)
  25 yaks
  3 vampire mosquitoes (D:12)
  2 wargs
  4 hell hounds (Lair:6)
  11 water moccasins
  12 porcupines
  6 black bears
  2 phantoms
  3 sky beasts
  13 orc warriors
  4 ice beasts
  A necrophage (D:8)
  12 ogres
  14 wolves
  15 centaurs
  19 crocodiles
  18 bullfrogs
  6 big kobolds
  A gnoll sergeant (D:8)
  2 wyvern zombies
  A water moccasin zombie (D:9)
  6 scorpions
  23 killer bees
  A water moccasin skeleton (D:11)
  21 wights
  3 electric eels
  A centaur zombie (D:9)
  5 howler monkeys
  10 crimson imps
  3 jellies
  6 bullfrog skeletons
  13 hounds
  6 orc priests
  A bullfrog zombie (D:8)
  13 orc wizards
  3 centaur skeletons
  7 iguanas
  8 worker ants
  A killer bee zombie (D:9)
  2 hound zombies
  3 hound skeletons
  2 worker ant zombies
  A howler monkey zombie (D:6)
  12 gnolls
  A howler monkey skeleton (D:5)
  12 adders
  2 oozes
  An adder skeleton (D:5)
  2 worms
  2 dart slugs
  6 leopard geckos
  58 orcs
  7 giant cockroaches
  12 goblins
  12 hobgoblins
  12 jackals
  6 quokkas
  A ball python skeleton (D:4)
  7 bats
  A frilled lizard (D:2)
  30 kobolds
  2 quokka skeletons
  A quokka zombie (D:5)
  4 rats (D:1)
  A plant (Lair:2)
643 creatures vanquished.

Vanquished Creatures (others)
  A hornet zombie (D:11)
  A kobold (D:11)
  9 bushes (Lair:4)
  49 fungi
  23 plants
83 creatures vanquished.

Grand Total: 726 creatures vanquished

Notes
Turn   | Place    | Note
-------+----------+-------------------------------------------
     0 | D:1      | Nordron the Troll Berserker began the quest for the Orb.
     0 | D:1      | Reached XP level 1. HP: 22/22 MP: 0/0
   176 | D:1      | Reached XP level 2. HP: 29/29 MP: 1/1
   789 | D:2      | Reached XP level 3. HP: 36/36 MP: 2/2
   892 | D:2      | Reached ** piety under Trog
   980 | D:2      | Found a burning altar of Makhleb.
   980 | D:2      | Found a sparkling altar of Nemelex Xobeh.
   981 | D:2      | Found an iron altar of Okawaru.
  1173 | D:2      | Reached skill level 4 in Unarmed Combat
  1458 | D:3      | Reached XP level 4. HP: 44/44 MP: 3/3
  1504 | D:3      | Found a shadowy altar of Dithmenos.
  2042 | D:4      | Reached XP level 5. HP: 39/53 MP: 4/4
  2215 | D:4      | Found a staircase to the Ecumenical Temple.
  2218 | D:4      | Reached skill level 5 in Unarmed Combat
  2263 | D:4      | Reached XP level 6. HP: 61/61 MP: 5/5
  2959 | D:5      | Entered Level 5 of the Dungeon
  2999 | D:5      | Got a shimmering golden ring
  3001 | D:5      | Identified the ring of Siatiodu {+Fly rF+ rC- rN++ Int-2}
                  | (You found it on level 5 of the Dungeon)
  3024 | D:5      | Found a white marble altar of Elyvilon.
  3104 | D:5      | Found Mockusua's General Store.
  3112 | D:5      | Bought a scroll of identify for 26 gold pieces
  3112 | D:5      | Bought a scroll of identify for 26 gold pieces
  3159 | D:5      | Found Boawenuv's Jewellery Shop.
  3199 | D:5      | Found Oviab's Armour Shop.
  3230 | D:5      | Reached skill level 6 in Unarmed Combat
  3230 | D:5      | Reached XP level 7. HP: 68/68 MP: 6/6
  3298 | D:5      | Found Fecleuw's Assorted Antiques.
  3350 | D:5      | Found Athrih's Weapon Emporium.
  3439 | D:5      | Reached *** piety under Trog
  3445 | D:5      | Noticed Grinder
  3450 | D:5      | Killed Grinder
  3451 | D:5      | Reached skill level 7 in Unarmed Combat
  3682 | D:5      | Noticed Sigmund
  3687 | D:5      | Killed Sigmund
  3687 | D:5      | Reached XP level 8. HP: 62/79 MP: 7/7
  4006 | D:5      | Found a shimmering altar of Xom.
  4007 | D:5      | Found a shimmering altar of Xom.
  4007 | D:5      | Found a shimmering altar of Xom.
  4007 | D:5      | Found a shimmering altar of Xom.
  4008 | D:5      | Found a shimmering altar of Xom.
  4073 | D:5      | Noticed Eustachio
  4084 | D:5      | Killed Eustachio
  4185 | D:6      | Reached skill level 8 in Unarmed Combat
  4195 | D:6      | Reached skill level 5 in Fighting
  4195 | D:6      | Reached skill level 5 in Dodging
  4656 | D:6      | Noticed Prince Ribbit
  4685 | D:6      | Killed Prince Ribbit
  4685 | D:6      | Reached skill level 9 in Unarmed Combat
  4685 | D:6      | Reached XP level 9. HP: 88/88 MP: 8/8
  5926 | D:7      | Reached **** piety under Trog
  6219 | D:7      | Found a sacrificial altar of Ru.
  6484 | D:8      | Reached skill level 10 in Unarmed Combat
  6601 | D:8      | Found an ancient bone altar of Kikubaaqudgha.
  6604 | D:8      | Found a shimmering blue altar of Sif Muna.
  6703 | D:8      | Noticed a two-headed ogre
  6710 | D:8      | Killed a two-headed ogre
  6710 | D:8      | Reached XP level 10. HP: 100/100 MP: 9/9
  6988 | D:8      | Reached skill level 11 in Unarmed Combat
  7136 | D:8      | Reached ***** piety under Trog
  8034 | D:9      | Noticed a two-headed ogre
  8037 | D:9      | Killed a two-headed ogre
  8205 | D:10     | Entered Level 10 of the Dungeon
  8323 | D:10     | Received a gift from Trog
  8329 | D:10     | Found a flagged portal.
  8344 | Bailey   | Entered a bailey
  8404 | Bailey   | Reached skill level 12 in Unarmed Combat
  8700 | D:10     | Reached XP level 11. HP: 109/109 MP: 10/10
  8780 | D:10     | Reached skill level 1 in Shields
  9981 | D:11     | Reached skill level 1 in Armour
 10020 | D:11     | Noticed a four-headed hydra
 10024 | D:11     | Noticed Maurice
 10031 | D:11     | Killed Maurice
 10187 | D:12     | Found Xaathragg's Antique Armour Shop.
 10416 | D:12     | Received a gift from Trog
 10475 | D:12     | Noticed a tengu warrior
 10509 | D:12     | Killed a tengu warrior
 10539 | D:12     | Noticed a two-headed ogre
 10548 | D:12     | Killed a two-headed ogre
 10582 | D:12     | Noticed a centaur warrior
 10587 | D:12     | Reached skill level 13 in Unarmed Combat
 10594 | D:12     | Killed a centaur warrior
 10677 | D:12     | Noticed a deep elf mage
 10687 | D:12     | Killed a deep elf mage
 10768 | D:12     | Found a staircase to the Orcish Mines.
 11150 | D:11     | Noticed a white ugly thing
 11158 | D:11     | Killed a white ugly thing
 11158 | D:11     | Reached XP level 12. HP: 64/122 MP: 11/11
 11565 | D:11     | Noticed a seven-headed hydra
 11870 | D:11     | Found a staircase to the Lair.
 11933 | D:11     | Noticed Erolcha
 11947 | D:11     | Killed Erolcha
 12079 | D:11     | Killed a seven-headed hydra
 12101 | D:11     | Killed a ten-headed hydra
 12840 | D:13     | Received a gift from Trog
 12845 | D:13     | Reached skill level 14 in Unarmed Combat
 13731 | Lair:1   | Entered Level 1 of the Lair of Beasts
 14054 | Lair:1   | Noticed a four-headed hydra
 14075 | Lair:1   | Killed a ten-headed hydra
 14075 | Lair:1   | Reached skill level 5 in Shields
 14104 | Lair:1   | Reached XP level 13. HP: 71/131 MP: 12/12
 14876 | Lair:2   | Found a staircase to the Shoals.
 15101 | Lair:2   | Found a staircase to the Snake Pit.
 15172 | Lair:2   | Reached skill level 5 in Armour
 15188 | Lair:2   | Noticed Maggie
 15204 | Lair:2   | Killed Maggie
 15313 | Lair:2   | Noticed Sonja
 15329 | Lair:2   | Killed Sonja
 15329 | Lair:2   | Received a gift from Trog
 16404 | Lair:3   | Reached skill level 15 in Unarmed Combat
 17322 | Lair:4   | Noticed Snorg
 17335 | Lair:4   | Killed Snorg
 17507 | Lair:4   | Reached skill level 10 in Fighting
 17647 | Lair:4   | Got a clouded diamond amulet
 18181 | Lair:4   | Identified the amulet of Zuepn {Inacc rElec} (You found it
                  | on level 4 of the Lair of Beasts)
 18440 | Lair:5   | Reached XP level 14. HP: 143/143 MP: 13/13
 18773 | Lair:5   | Found a staircase to the Slime Pits.
 18773 | Lair:5   | Found a viscous altar of Jiyva.
 19382 | Lair:6   | Entered Level 6 of the Lair of Beasts
 19481 | Lair:6   | Received a gift from Trog
 19767 | Lair:6   | Reached skill level 16 in Unarmed Combat
 20238 | Lair:6   | Found a burning altar of Makhleb.
 20851 | Lair:6   | Found a gateway to Hell.
 21089 | Orc:1    | Entered Level 1 of the Orcish Mines
 21377 | Orc:1    | Received a gift from Trog
 21632 | Orc:2    | Entered Level 2 of the Orcish Mines
 21710 | Orc:2    | Found Siapnap's Food Emporium.
 21720 | Orc:2    | Noticed Rupert
 21725 | Orc:2    | Paralysed by Rupert for 3 turns
 21746 | Orc:2    | Paralysed by Rupert for 7 turns
 21757 | Orc:2    | Slain by Rupert

Illustrated notes

Levels and vault maps discovered:
D:1:      dpeg_arrival_refuge, layout_basic
D:2:      layout_loops_ring, gammafunk_temple_overflow_claw,
          small_statue_intersection, hex_large
D:3:      layout_loops_cross, nicolae_dithmenos_shadow_blocks
D:4:      layout_basic, temple_green
D:5:      layout_loops_corners, xom_redecorated, old_standard_altar,
          serial_shops, nicolae_shop_window_shopping, kennysheep_mini_moat,
          nicolae_shop_crystal, nicolae_shop_crystal, nicolae_shop_waterfront,
          first_ration, minivault_5, minmay_tree_intersection,
          serial_bayou_pond_b, minmay_increasing_density, uniq_grinder,
          uniq_sigmund, uniq_eustachio
D:6:      layout_basic, uniq_prince_ribbit1
D:7:      layout_layer_cave, nicolae_ru_path_of_blood
D:8:      layout_gridville, grunt_temple_overflow_open
D:9:      minmay_octagon_keep, layout_loops_ring, the_bakery,
          kennysheep_generic_room_15
D:10:     layout_grid_maze, lightli_bailey_entry_fortress
D:11:     layout_long_grid, due_lair_maze_entry_diamond, special_room
          [special_room_bee], uniq_maurice, uniq_erolcha
D:12:     layout_roguey, orc_0_dummy, serial_shops, nicolae_shop_trees
D:13:     layout_long_grid
D:14:     layout_loops_corners, david_vaults_4, gammafunk_ghost_mausoleum,
          minmay_strange_pillars, basic_altar
Lair:1:   layout_cave_pods, grunt_megastairs_4
Lair:2:   layout_gridlike, elwin_shoals_entry_stream, dummy_snake_entry,
          grunt_megastairs_2, minmay_lair_oklob_chamber, uniq_maggie, uniq_sonja
Lair:3:   beast_lair_carwin_large_3, layout_hall_layers
Lair:4:   layout_layer_cave, minmay_hedge_maze, serial_bayou_pond_d,
          minivault_11, serial_bayou_shore_b, uniq_snorg
Lair:5:   layout_layer_cave, slime_altar_1, lemuel_fruit_tree
Lair:6:   evil_forest, layout_long_grid, serial_bayou_shore_a,
          grunt_megastairs_5, lemuel_fruit_fields
Orc:1:    layout_caves, nicolae_orc_stony_grotto
Orc:2:    st_orc_ogre_mass, layout_caves, serial_shops, shop_statue, uniq_rupert

Skill      XL: |  1  2  3  4  5  6  7  8  9 10 11 12 13 14 |
---------------+-------------------------------------------+-----
Unarmed Combat | 4 5 6 7 9 10 12 13 14 15 16 | 16.5
Fighting       | 3 4 5 6 7 8 9 10 | 10.6
Dodging        | 3 4 5 6 7 8 9 |  9.0
Shields        | 3 5 6 7 |  7.6
Armour         | 3 4 6 7 |  7.4

Action                   |  1- 3 |  4- 6 |  7- 9 | 10-12 | 13-15 || total
-------------------------+-------+-------+-------+-------+-------++-------
Melee: Unarmed           |    84 |   127 |   276 |   853 |   691 ||  2031
       Punch             |       |     3 |    18 |     8 |       ||    29
Throw: Throwing net      |       |       |       |     2 |     2 ||     4
Invok: Berserk           |       |       |     1 |     6 |     9 ||    16
       Trog's Hand       |       |       |     1 |     2 |     1 ||     4
 Abil: Stop Flying       |       |       |       |     1 |       ||     1
       Evoke Flight      |       |       |       |     1 |       ||     1
Evoke: Wand              |       |       |     1 |    16 |    22 ||    39
       Lightning rod     |       |       |       |     6 |     6 ||    12
       Tin of tremorston |       |       |       |     3 |     1 ||     4
  Use: Scroll            |       |     3 |     3 |    19 |     6 ||    31
       Potion            |       |       |       |     4 |       ||     4
 Stab: Held in net/web   |       |       |       |     3 |     2 ||     5
  Eat: Chunk             |    18 |    13 |    31 |    80 |    78 ||   220
Armor: Animal skin       |    35 |    69 |    56 |    64 |       ||   224
       Troll leather arm |       |       |       |   132 |    76 ||   208
       Steam dragon scal |       |       |       |       |    39 ||    39
Dodge: Dodged            |    48 |    71 |   138 |   369 |   204 ||   830
Block: Kite shield       |       |       |       |   345 |   442 ||   787
       Reflection        |       |       |       |       |     3 ||     3
